 Dungeon Crawl Stone Soup version 0.29.1-15-g9cfb28693d (webtiles) character file.

Game seed: 2999818254561969985

13644 GeoRichter the Skirmisher (level 12, 0/82 HPs)
             Began as a Gargoyle Monk on Feb 28, 2023.
             Was an Elder of Dithmenos.
             Slain by a two-headed ogre simulacrum (14 damage)
             ... in an ice cave on Mar 1, 2023.
             The game lasted 00:26:02 (14562 turns).

GeoRichter the Skirmisher (Gargoyle Monk)          Turns: 14562, Time: 00:26:03

Health: 0/82       AC: 23    Str: 17    XL:     12   Next: 8%
Magic:  12/12      EV: 12    Int: 15    God:    Dithmenos [****..]
Gold:   1220       SH:  5    Dex: 14    Spells: 11/11 levels left

rFire   . . .      SeeInvis +   m - +7 captain's cutlass {speed, disarm}
rCold   + . .      Faith    .   (no shield)
rNeg    + . .      Spirit   .   N - +0 leather armour of Vehumet's Reproof {rC+ Regen+}
rPois   ∞          Reflect  +   C - +0 helmet
rElec   +          Harm     .   v - +0 cloak
rCorr   .          Rampage  ∞   M - +0 pair of gloves
Will    .....                   I - +3 pair of seven-league boots {Rampage+∞}
Stlth   +++.......              d - amulet of reflection
HPRegen 1.03/turn               G - +4 ring of protection
MPRegen 0.13/turn               e - ring of Mistrust {Int+3 Slay+2 SInv}

@: wreathed by umbra
A: sickness immunity, AC +8, negative energy resistance 1, electricity
resistance, torment resistance 1, petrification resistance
a: Renounce Religion, Shadow Step


You were in an ice cave.
You worshipped Dithmenos.
Dithmenos was greatly pleased with you.
You visited 4 branches of the dungeon, and saw 16 of its levels.
You also visited: Ice Cave.

You collected 1220 gold pieces.

Inventory:

Hand Weapons
 b - a +1 lajatang of draining
   (You found it on level 2 of the Dungeon)
 m - the +7 captain's cutlass (weapon) {speed, disarm}
   (You took it off a kobold on level 2 of the Dungeon)

   Attacks with this weapon are significantly faster.
   It may disarm weapon-wielding foes when striking them, dealing extra damage
   in the process.
Armour
 v - a +0 cloak (worn)
   (You found it on level 3 of the Dungeon)
 C - a +0 helmet (worn)
   (You found it on level 5 of the Dungeon)
 I - the +3 pair of seven-league boots (worn) {Rampage+∞}
   (You acquired it on level 10 of the Dungeon)

   Its wearer moves as far as possible in that direction when moving towards
   enemies.
 M - a +0 pair of gloves (worn)
   (You found it on level 10 of the Dungeon)
 N - the +0 leather armour of Vehumet's Reproof (worn) {rC+ Regen+}
   (You found it on level 10 of the Dungeon)

   rC:        It protects you from cold.
   Regen:     It increases your rate of health regeneration.
Jewellery
 d - an amulet of reflection (around neck)
   (You found it on level 1 of the Lair of Beasts)
 e - the ring of Mistrust (right hand) {Int+3 Slay+2 SInv}
   (You acquired it on level 10 of the Dungeon)

   [ring of see invisible]

   Int:       It affects your intelligence (+3).
   Slay:      It affects your accuracy & damage with ranged weapons and melee
   (+2).
   SInv:      It lets you see invisible.
 r - a +6 ring of dexterity
   (You found it on level 3 of the Dungeon)
 G - a +4 ring of protection (left hand)
   (You found it on level 5 of the Dungeon)
Wands
 o - a wand of roots (7)
   (You took it off an orc on level 3 of the Dungeon)
 K - a wand of flame (13) (quivered)
   (You found it on level 9 of the Dungeon)
Scrolls
 f - 2 scrolls of fog
 l - a scroll of enchant weapon
 w - 2 scrolls of magic mapping
 F - a scroll of vulnerability {!r}
 J - a scroll of torment {!r}
 L - 2 scrolls of enchant armour
Potions
 a - 2 potions of flight
 c - 2 potions of ambrosia
 g - 5 potions of attraction {!q}
 h - a potion of berserk rage {unknown}
 j - 2 potions of haste {@q3}
 k - 4 potions of curing {@q1}
 q - 2 potions of magic
 t - 3 potions of mutation {!q}
 u - a potion of brilliance {unknown}
 z - 3 potions of degeneration {!q}
 B - a potion of resistance {unknown}
 E - a potion of lignification {unknown}


   Skills:
 + Level 12.5 Fighting
 + Level 5.1 Short Blades
 - Level 3.5 Polearms
 - Level 14.0 Ranged Weapons
 + Level 1.1 Armour
 + Level 2.7 Dodging
 + Level 2.7 Stealth


You had 11 spell levels left.
You didn't know any spells.
Your spell library contained the following spells:

 Spells                   Type           Power      Damage    Failure   Level
 Apportation              Tloc           0%         N/A       32%         1
 Foxfire                  Conj/Fire      0%         2x1d4     32%         1
 Necrotise                Necr           0%         1d4       32%         1
 Summon Small Mammal      Summ           0%         N/A       32%         1
 Ensorcelled Hibernation  Hex/Ice        0%         N/A       43%         2
 Passwall                 Tmut/Erth      0%         N/A       43%         2
 Conjure Flame            Conj/Fire      0%         6-21      67%         3
 Inner Flame              Hex/Fire       0%         N/A       67%         3
 Ozocubu's Armour         Ice            0%         N/A       67%         3
 Swiftness                Air            0%         N/A       67%         3
 Anguish                  Hex/Necr       0%         N/A       97%         4
 Flame Wave               Conj/Fire      0%         2d4       97%         4
 Fireball                 Conj/Fire      0%         3d3       100%        5
 Iskenderun's Battlesphe  Conj           0%         2d6       100%        5
 Metabolic Englaciation   Hex/Ice        0%         N/A       100%        5
 Conjure Ball Lightning   Conj/Air       0%         3x3d6     100%        6
 Simulacrum               Ice/Necr       0%         N/A       100%        6
 Enfeeble                 Hex            0%         N/A       100%        7
 Orb of Destruction       Conj           0%         9d5       100%        7


Dungeon Overview and Level Annotations

Branches:
Dungeon (11/15) Zot: 25406  Temple (1/1) D:7 Zot: 5987    Lair (2/5) D:11 Zot: 10559
 Shoals (0/4) Lair:2          Orc (2/2) D:10 Zot: 11076   IceCv (1/1) Zot: 5973
  Snake: Lair:2-3    Spider: Lair:2-3       Elf: Orc:2

Altars:
Ashenzari
Cheibriados
Dithmenos
Elyvilon
Fedhas
Gozag
Hepliaklqana
Kikubaaqudgha
Makhleb
Nemelex Xobeh
Qazlal
Sif Muna
Uskayaw
Vehumet
Wu Jian
Xom
Yredelemnul
Zin

Shops:
D:3 (   D:5 [   Orc:2 ?

Portals:
Trove: D:10 (give +5 fire dragon scales)

Annotations:
D:4 1 runed translucent door, Crazy Yiuf
D:7 Maggie
D:11 Erica


Innate Abilities, Weirdness & Mutations

You are immune to sickness and miasma.
Your stone body is resilient. (AC +8)
You are immune to poison.
You resist negative energy. (rN+)
You are resistant to electric shocks. (rElec)
You are resistant to unholy torment.
You are immune to petrification.


Message History

You hit the death yak simulacrum but do no damage.
A naga simulacrum comes into view.
You hit the death yak simulacrum.
The troll simulacrum bites you but does no damage.
The troll simulacrum claws you but does no damage. x2
The death yak simulacrum gores you. The death yak simulacrum freezes you!
You resist.
You hit the death yak simulacrum. You hit the death yak simulacrum.
The troll simulacrum barely misses you.
The troll simulacrum closely misses you.
The troll simulacrum claws you but does no damage.
The death yak simulacrum gores you but does no damage.
You hit the death yak simulacrum. Dithmenos accepts your kill.
You hit the troll simulacrum.
The troll simulacrum completely misses you.
The troll simulacrum claws you! The troll simulacrum freezes you. You resist.
The troll simulacrum claws you but does no damage.
You barely miss the troll simulacrum.
Your shadow hits the troll simulacrum with a rapier.
Okay, then.
Aim: a troll simulacrum (moderately damaged, umbra, 89% to hit)
The puff of flame hits the troll simulacrum!
The troll simulacrum melts!
The troll simulacrum bites you.
* * * LOW HITPOINT WARNING * * *
The troll simulacrum freezes you. You resist.
* * * LOW HITPOINT WARNING * * *
The troll simulacrum claws you but does no damage. x2
Aim: a two-headed ogre simulacrum (umbra, 100% to hit)
The puff of flame hits the troll simulacrum!
The troll simulacrum melts!
Dithmenos accepts your kill.
You hear a sizzling sound!
Aim: a two-headed ogre simulacrum (umbra, 100% to hit)
The puff of flame hits the two-headed ogre simulacrum!
The two-headed ogre simulacrum melts!
Aim: a two-headed ogre simulacrum (moderately damaged, umbra, 100% to hit)
The puff of flame hits the two-headed ogre simulacrum!
The two-headed ogre simulacrum melts!
The two-headed ogre simulacrum hits you!
* * * LOW HITPOINT WARNING * * *
The two-headed ogre simulacrum freezes you!
You resist.
* * * LOW HITPOINT WARNING * * *
The two-headed ogre simulacrum hits you!
* * * LOW HITPOINT WARNING * * *
The two-headed ogre simulacrum freezes you!
You resist.
You die...

... #.. #..
##.Z#
#...######
##..###.#∩#
#..###....#
#..#......#
#..Z@...∩#
##...#####
#####


You could see a two-headed ogre simulacrum.

Vanquished Creatures
  2 two-headed ogres
  An orc sorcerer (Orc:2)
  A manticore (D:11)
  A black mamba (Lair:1)
  A cane toad (Lair:1)
  2 komodo dragons (Lair:1)
  3 trolls
  A polar bear (Lair:2)
  10 yaks
  A wraith (D:10)
  3 steam dragons
  A death yak simulacrum (IceCv)
  3 wyverns
  A warg (Orc:1)
  4 water moccasins
  Duvessa (D:6)
  12 orc warriors
  2 black bears
  2 sky beasts (D:7)
  7 ogres
  9 centaurs
  2 phantoms (D:6)
  Blork the orc (D:4)
  8 bullfrogs
  2 necrophages
  A gnoll sergeant (D:7)
  2 scorpions
  15 wights
  Dowan (D:6)
  14 killer bees
  2 howler monkeys (D:10)
  5 hounds
  2 jellies (D:6)
  A gnoll bouda (D:6)
  3 orc priests
  Terence (D:2)
  4 iguanas
  4 orc wizards
  7 hell rats (Lair:1)
  A troll simulacrum (IceCv)
  A mummy (D:8)
  12 gnolls
  7 adders
  A shadow imp (D:6)
  3 white imps
  2 ufetubi
  3 worms
  3 dart slugs
  45 orcs
  5 bats
  4 endoplasms
  A giant cockroach (D:2)
  5 goblins
  7 hobgoblins
  5 jackals
  A quokka (D:3)
  11 ball pythons
  6 frilled lizards
  5 kobolds
  6 rats
277 creatures vanquished.

Vanquished Creatures (others)
  3 fungi (Lair:1)
  8 plants
11 creatures vanquished.

Grand Total: 288 creatures vanquished

Notes
Turn   | Place    | Note
-------+----------+-------------------------------------------
     0 | D:1      | GeoRichter the Gargoyle Monk began the quest for the Orb.
     0 | D:1      | Reached XP level 1. HP: 14/14 MP: 1/1
   177 | D:1      | Reached XP level 2. HP: 13/19 MP: 2/2
   730 | D:2      | Reached XP level 3. HP: 24/24 MP: 3/3
   892 | D:2      | Noticed Terence
   901 | D:2      | Killed Terence
   902 | D:2      | Reached skill level 1 in Short Blades
   902 | D:2      | Reached XP level 4. HP: 29/29 MP: 4/4
  1754 | D:3      | Found a faded altar of an unknown god.
  1762 | D:3      | Reached XP level 5. HP: 34/34 MP: 5/5
  2412 | D:3      | Found Rufoq's Antique Weapon Shoppe.
  3365 | D:4      | Noticed Blork the orc
  3376 | D:4      | Killed Blork the orc
  3377 | D:4      | Reached XP level 6. HP: 36/40 MP: 6/6
  3443 | D:4      | Reached skill level 5 in Fighting
  3716 | D:4      | Found a runed translucent door.
  3717 | D:4      | Noticed Crazy Yiuf
  3849 | D:5      | Entered Level 5 of the Dungeon
  3849 | D:5      | Noticed a water moccasin
  3854 | D:5      | Killed a water moccasin
  3878 | D:5      | Reached XP level 7. HP: 34/44 MP: 7/7
  3901 | D:5      | Reached skill level 5 in Short Blades
  3956 | D:5      | Reached skill level 1 in Ranged Weapons
  4094 | D:5      | Reached skill level 2 in Ranged Weapons
  4262 | D:5      | Reached XP level 8. HP: 48/52 MP: 8/8
  4275 | D:5      | Reached skill level 3 in Ranged Weapons
  4294 | D:5      | Identified the +11 dagger of Uruymaliyts {venom, rN+ rCorr
                  | Dex-4}
  4421 | D:5      | Found Gulaur's Armour Boutique.
  5116 | D:6      | Reached skill level 4 in Ranged Weapons
  5263 | D:6      | Reached skill level 5 in Ranged Weapons
  5600 | D:6      | Reached skill level 6 in Ranged Weapons
  5715 | D:6      | Noticed Duvessa
  5715 | D:6      | Noticed Dowan
  5719 | D:6      | Killed Dowan
  5720 | D:6      | Reached XP level 9. HP: 59/59 MP: 9/9
  5726 | D:6      | Killed Duvessa
  5984 | D:6      | You fall into a shaft and drop 2 floors!
  6021 | D:8      | Reached skill level 7 in Ranged Weapons
  6567 | D:7      | Reached skill level 8 in Ranged Weapons
  6638 | D:7      | Found a staircase to the Ecumenical Temple.
  6890 | Temple   | Entered the Ecumenical Temple
  6896 | Temple   | Became a worshipper of Dithmenos the Shadowed
  6896 | Temple   | Reached * piety under Dithmenos
  6896 | Temple   | Reached ** piety under Dithmenos
  6941 | D:7      | Noticed Maggie
  7048 | D:6      | Reached skill level 9 in Ranged Weapons
  7447 | D:8      | Reached XP level 10. HP: 66/66 MP: 10/10
  7900 | D:8      | Reached skill level 10 in Ranged Weapons
  8308 | D:8      | Reached skill level 10 in Fighting
  8450 | D:8      | Found a snail-covered altar of Cheibriados.
  8784 | D:9      | Found a sparkling altar of Nemelex Xobeh.
  8939 | D:9      | Found a white marble altar of Elyvilon.
  8971 | D:9      | Reached *** piety under Dithmenos
  9304 | D:9      | Noticed a two-headed ogre
  9310 | D:9      | Killed a two-headed ogre
  9311 | D:9      | Reached skill level 11 in Ranged Weapons
  9549 | D:9      | Found a stormy altar of Qazlal.
  9605 | D:10     | Entered Level 10 of the Dungeon
  9605 | D:10     | Found a portal to a secret trove of treasure.
  9956 | D:10     | Identified the +0 leather armour of Vehumet's Reproof {rC+
                  | Regen+}
 10028 | D:10     | Reached XP level 11. HP: 64/74 MP: 11/11
 10042 | D:10     | Reached skill level 12 in Ranged Weapons
 10112 | D:10     | Found a staircase to the Orcish Mines.
 10475 | D:11     | Found a staircase to the Lair.
 10500 | D:11     | Noticed a two-headed ogre
 10502 | D:11     | Noticed a boulder beetle
 10508 | D:11     | Killed a two-headed ogre
 10937 | Orc:1    | Entered Level 1 of the Orcish Mines
 11154 | Orc:2    | Entered Level 2 of the Orcish Mines
 11154 | Orc:2    | Noticed an orc sorcerer
 11156 | Orc:2    | Paralysed by an orc sorcerer for 5 turns
 11161 | Orc:2    | Killed an orc sorcerer
 11185 | Orc:2    | Reached **** piety under Dithmenos
 11215 | Orc:2    | Found Ucod's Magic Scroll Emporium.
 11338 | Orc:1    | Noticed an orc warlord
 11338 | Orc:1    | Noticed an orc sorcerer
 11452 | Orc:2    | Reached skill level 13 in Ranged Weapons
 12094 | D:10     | Identified 2 scrolls of acquirement
 12094 | D:10     | Acquired the +3 pair of seven-league boots {Rampage+∞}
 12094 | D:10     | Found the +3 pair of seven-league boots {Rampage+∞}
 12106 | D:10     | Acquired the ring of Mistrust {Int+3 Slay+2 SInv}
 12377 | D:11     | Noticed a manticore
 12397 | D:11     | Killed a manticore
 12649 | D:11     | Noticed Erica
 13027 | Lair:1   | Entered Level 1 of the Lair of Beasts
 14143 | Lair:1   | Reached skill level 14 in Ranged Weapons
 14143 | Lair:1   | Reached XP level 12. HP: 36/82 MP: 12/12
 14525 | Lair:2   | Reached skill level 1 in Armour
 14526 | Lair:2   | Found a frozen archway.
 14531 | IceCv    | Entered an ice cave
 14562 | IceCv    | Slain by a two-headed ogre simulacrum

Illustrated notes

Levels and vault maps discovered:
D:1:      erik_arrival_blinker_ship, layout_loops_ring
D:2:      layout_loops_ring, uniq_terence
D:3:      layout_basic, serial_shops, nicolae_shop_behind_doors,
          nicolae_ecumenical_snake_handling, minmay_distorted
D:4:      layout_basic, st_stairs_12, uniq_crazy_yiuf_cottage,
          uniq_blork_the_orc
D:5:      layout_basic, serial_shops, shop_statue, minmay_misc_feat_x
D:6:      layout_basic, uniq_duvessa
D:7:      layout_rooms, minmay_temple_entry_junction, hangedman_decor_slide_cut,
          uniq_maggie
D:8:      layout_basic, slow_altar_2, kennysheep_generic_room_4
D:9:      layout_basic, mainiacjoe_overflow_surrounded_room,
          mainiacjoe_overflow_catwalk, elyvilon_altar_4, minivault_21
D:10:     layout_basic, orc_0_dummy, nicolae_trove_entry_isolated,
          lemuel_flame_loot_1
D:11:     layout_big_octagon, lair_entry_dummy, uniq_erica
Temple:   dpeg_three_leaves_temple
Lair:1:   layout_long_grid
Lair:2:   layout_regular_city, minmay_shoals_entry_beasts,
          portal_ice_cave_entry_pillars_2, infiniplex_staircase_pool_2,
          lemuel_fruit_tree, grunt_megastairs_3, lemuel_fruit_fields
Orc:1:    layout_caves
Orc:2:    st_orc_rangers, layout_diamond_mine, serial_shops, shop_coins,
          nicolae_orc_stony_grotto, mines2_lemuel
IceCv:    ice_cave_caverns_03

Skill      XL: |  1  2  3  4  5  6  7  8  9 10 11 12 |
---------------+-------------------------------------+-----
Polearms       | 3 |  3.5
Fighting       | 4 5 6 7 9 11 12 | 12.5
Short Blades   | 1 2 3 4 5 |  5.1
Ranged Weapons | 2 6 9 11 14 | 14.0
Armour         | 1 |  1.1
Dodging        | |  2.7
Stealth        | |  2.7

Action                   |  1- 3 |  4- 6 |  7- 9 | 10-12 || total
-------------------------+-------+-------+-------+-------++-------
Melee: Spear             |    61 |       |       |       ||    61
       Cutlass           |    13 |   130 |   287 |   632 ||  1062
       Punch             |       |     1 |     3 |    11 ||    15
Evoke: Wand              |       |       |       |    17 ||    17
  Use: Scroll            |       |       |    10 |    18 ||    28
       Potion            |       |       |       |     4 ||     4
 Stab: Sleeping          |     8 |       |       |     2 ||    10
       Distracted        |       |     1 |       |       ||     1
Armor: Robe              |    16 |     5 |       |       ||    21
       Scale mail        |       |    34 |   124 |    99 ||   257
       Leather armour    |       |       |       |   110 ||   110
       Plate armour      |       |       |       |   157 ||   157
Dodge: Dodged            |    31 |    52 |   111 |   322 ||   516
Block: Other             |       |       |       |     6 ||     6
